 Dungeon Crawl Stone Soup version 0.24-a0-736-g4e6fe308c7 (webtiles) character file.

Game seed: 3799672312810747262, levelgen mode: deterministic

127 MalarOregon the Digger (level 4, 0/36 HPs)
             Began as a Draconian Earth Elementalist on Oct 2, 2019.
             Slain by Natasha (1 damage)
             ... on level 2 of the Dungeon.
             The game lasted 00:02:59 (1584 turns).

MalarOregon the Digger (DrEE)                       Turns: 1584, Time: 00:03:00

Health: 0/36       AC:  5    Str: 10    XL:     4   Next: 85%
Magic:  0/8        EV: 12    Int: 16    God:
Gold:   70         SH:  4    Dex: 12    Spells: 7/8 levels left

rFire    . . .     SeeInvis .   i - +0 dagger
rCold    . . .     Gourm    .   m - +0 buckler
rNeg     . . .     Faith    .   (armour unavailable)
rPois    .         Spirit   .   (helmet restricted)
rElec    .         Reflect  .   (no cloak)
rCorr    .         Harm     .   (no gloves)
MR       .....                  (no boots)
Stlth    ++........             (no amulet)
HPRegen  0.12/turn              (no ring)
MPRegen  0.11/turn              (no ring)

@: lethally poisoned (0 -> -3)
A: unfitting armour, cold-blooded, AC +5
a: no special abilities


You were on level 2 of the Dungeon.
You were not hungry.

You visited 1 branch of the dungeon, and saw 2 of its levels.

You collected 70 gold pieces.

Inventory:

Hand Weapons
 i - a +0 dagger (weapon)
   (You took it off a kobold on level 1 of the Dungeon)
Missiles
 b - 48 stones
 g - 3 silver javelins
 h - 9 boomerangs (quivered)
Armour
 m - a +0 buckler (worn)
   (You found it on level 1 of the Dungeon)
Scrolls
 a - a scroll of remove curse {unknown}
 c - a scroll of blinking {unknown}
 d - 4 scrolls of identify {unknown}
 j - a scroll of immolation {unknown}
Potions
 f - 2 potions of berserk rage {unknown}
 l - a potion of heal wounds {unknown}
 n - a potion of mutation {unknown}
Comestibles
 e - 3 rations {!d}
 k - 4 chunks of flesh


   Skills:
 + Level 2.1 Fighting
 + Level 2.6 Dodging
 - Level 1.7 Stealth
 + Level 1.4 Shields
 + Level 2.7 Spellcasting
   Level 1.0 Transmutations
 + Level 3.6 Earth Magic


You had 7 spell levels left.
You knew the following spells:

 Your Spells              Type           Power        Failure   Level  Hunger
a - Sandblast             Erth           ##....       6%          1    #......

Your spell library contained the following spells:

 Spells                   Type           Power        Failure   Level  Hunger
 Passwall                 Tmut/Erth      #.......     16%         2    ##.....
 Stone Arrow              Conj/Erth      #.....       36%         3    ###....
 Petrify                  Tmut/Erth      #.......     69%         4    #####..
 Lee's Rapid Deconstruct  Erth           ##........   85%         5    ######.


Dungeon Overview and Level Annotations

Branches:
Dungeon (2/15)

Altars:

Annotations:
D:2 Natasha


Innate Abilities, Weirdness & Mutations

Your plain brown scales are hard. (AC +5)
You cannot fit into any form of body armour.
You are cold-blooded and may be slowed by cold attacks.


Message History

The adder bites you but does no damage.
Found a ration.
You closely miss the adder. The adder closely misses you.
Aim: an adder The blast of sand hits the adder!
b - 53 stones The adder bites you.
You block the adder's attack.
Aim: an adder (almost dead)
The blast of sand misses the adder.
b - 52 stones The adder bites you.
You are poisoned.
The adder poisons you!
An adder is nearby!
Aim: an adder (almost dead)
The blast of sand hits the adder!
You kill the adder!
b - 51 stones You feel sick.
Natasha, Servant of Life and Death comes into view.
Natasha casts a spell.
You feel sick.
You see here 11 gold pieces.
Aim: a white imp (summoned)
The blast of sand hits the white imp.
b - 50 stones The white imp closely misses you.
You feel sick. Natasha casts a spell at you. The magic dart hits you!
* * * LOW HITPOINT WARNING * * *
The white imp hits you.
* * * LOW HITPOINT WARNING * * *
The white imp freezes you.
* * * LOW HITPOINT WARNING * * *
Unknown command.
Aim: Natasha The blast of sand misses Natasha.
b - 49 stones Natasha claws you.
* * * LOW HITPOINT WARNING * * *
The white imp gestures at you. The puff of frost hits you!
* * * LOW HITPOINT WARNING * * *
Unknown command.
Aim: Natasha The blast of sand hits Natasha.
b - 48 stones Natasha claws you.
You die...

.. ......# ..#. .%....#
.## ..... #.....##...
.... #.....#....
#..##..........
###.>............
#............... #..$5h.#
#####.#.@#.## .
#........)..#..
#..................
#..................
#..................
#..................
######..................
...........รท............
#######..######.........


You could see Natasha and a white imp.

Vanquished Creatures
  Natasha (twice) (D:2)
  Robin (D:2)
  3 adders (D:2)
  A leopard gecko (D:2)
  A giant cockroach (D:1)
  10 goblins
  8 hobgoblins
  5 kobolds (D:1)
  A ball python (D:1)
  3 bats
  A frilled lizard (D:1)
  2 rats
38 creatures vanquished.

Notes
Turn   | Place    | Note
-------+----------+-------------------------------------------
     0 | D:1      | MalarOregon the Draconian Earth Elementalist began the
                  | quest for the Orb.
     0 | D:1      | Reached XP level 1. HP: 14/14 MP: 3/3
   311 | D:1      | Reached XP level 2. HP: 20/22 MP: 5/5
   715 | D:1      | Reached skill level 1 in Fighting
   950 | D:2      | Noticed Robin
   966 | D:2      | Reached XP level 3. HP: 18/28 MP: 0/6
  1341 | D:2      | Killed Robin
  1388 | D:2      | Noticed Natasha
  1395 | D:2      | Killed Natasha
  1395 | D:2      | Reached skill level 1 in Shields
  1395 | D:2      | Reached XP level 4. HP: 26/36 MP: 0/7
  1560 | D:2      | Noticed Natasha
  1565 | D:2      | Killed Natasha
  1578 | D:2      | Noticed Natasha
  1583 | D:2      | HP: 1/36 [white imp/puff of frost[Natasha] (7)]
  1584 | D:2      | Slain by Natasha

Levels and vault maps discovered:
D:1:      lightli_arrival_chessboard, layout_rooms, glass_columns_c,
          chequers_serial_rivers_large_b, corexii_item_surrounded_by_moat,
          minmay_small_reverse_x
D:2:      layout_rooms, uniq_natasha, uniq_robin

Skill      XL: |  1  2  3  4 |
---------------+-------------+-----
Dodging        | 2 |  2.6
Fighting       | 1 2 |  2.1
Shields        | 1 |  1.4
Stealth        | |  1.7
Spellcasting   | |  2.7
Transmutations | |  1.0
Earth Magic    | |  3.6

Action                   |  1- 3 |  4- 6 || total
-------------------------+-------+-------++-------
Melee: Unarmed           |    69 |       ||    69
       Tailslap          |    13 |       ||    13
       Dagger            |    48 |     2 ||    50
Throw: Boomerang         |     8 |       ||     8
 Cast: Sandblast         |    20 |    11 ||    31
 Stab: Sleeping          |       |     1 ||     1
  Eat: Chunk             |     2 |     1 ||     3
Armor: Skin              |    49 |     1 ||    50
Dodge: Dodged            |    99 |     2 ||   101
Block: Buckler           |     5 |     1 ||     6

Table legend:
 A = Non-vault XP
 B = Vault XP
 C = Vault XP percentage of total XP
 D = Non-vault monster count
 E = Vault monster count
 F = Vault count percentage of total count
                 A         B        C        D         E       F
            +---------+---------+-------+---------+---------+-------
      Total |     101 |      81 |  44.5 |      20 |      18 |  47.4
            +---------+---------+-------+---------+---------+-------
        D:1 |      20 |       9 |  31.0 |      13 |       5 |  27.8
        D:2 |      81 |      72 |  47.1 |       7 |      13 |  65.0
            +---------+---------+-------+---------+---------+-------
